 Dungeon Crawl Stone Soup version 0.29.1-12-g30fa7ad0bf (webtiles) character file.

Game seed: 14041578539144646028

24 retardedninja the Trooper (level 3, -8/33 HPs)
             Began as a Hill Orc Fighter on Dec 19, 2022.
             Mangled by a gnoll
             ... wielding a +4 halberd
              (9 damage)
             ... on level 3 of the Dungeon.
             The game lasted 00:02:45 (2232 turns).

retardedninja the Trooper (Hill Orc Fighter)        Turns: 2232, Time: 00:02:47

Health: -8/33      AC:  9    Str: 20    XL:     3   Next: 2%
Magic:  3/3        EV:  8    Int:  8    God:
Gold:   152        SH:  8    Dex: 10    Spells: 2/2 levels left

rFire   . . .      SeeInvis .   a - +0 war axe
rCold   . . .      Faith    .   f - +0 kite shield
rNeg    . . .      Spirit   .   b - +0 scale mail
rPois   .          Reflect  .   (no helmet)
rElec   .          Harm     .   e - +0 cloak
rCorr   .          Rampage  .   (no gloves)
Will    .....                   c - +0 pair of boots
Stlth   ..........              (no amulet)
HPRegen 0.11/turn               (no ring)
MPRegen 0.08/turn               (no ring)

@: mighty
A: no striking features
a: no special abilities


You were on level 3 of the Dungeon.
You visited 1 branch of the dungeon, and saw 3 of its levels.

You collected 152 gold pieces.

Inventory:

Hand Weapons
 a - a +0 war axe (weapon)
Missiles
 l - 3 javelins (quivered)
Armour
 b - a +0 scale mail (worn)
 c - a +0 pair of boots (worn)
 e - a +0 cloak (worn)
 f - a +0 kite shield (worn)
Jewellery
 j - an amulet of reflection
 n - a +6 ring of dexterity
 p - a ring of willpower
Scrolls
 g - a scroll of fog {unknown}
 h - a scroll of noise {unknown}
 i - a scroll of enchant weapon {unknown}
 k - a scroll of magic mapping {unknown}
 m - a scroll of poison {unknown}
 o - a scroll of brand weapon {unknown}
Potions
 d - 2 potions of might
 q - a potion of degeneration {unknown}


   Skills:
 + Level 4.0 Fighting
 + Level 3.1 Axes
 + Level 3.8 Armour
 + Level 0.1 Dodging
 + Level 3.4 Shields


You had 2 spell levels left.
You didn't know any spells.
Your spell library contained the following spells:

 Spells                   Type           Power      Damage    Failure   Level
 Call Canine Familiar     Summ           0%         N/A       100%        3
 Portal Projectile        Hex/Tloc       0%         N/A       100%        3
 Leda's Liquefaction      Hex/Erth       0%         N/A       100%        4


Dungeon Overview and Level Annotations

Branches:
Dungeon (3/15)

Altars:

Shops:
D:1 [


Message History

The gnoll hits you with a +0 whip.
The ball python bites you but does no damage.
The ball python constricts you.
You struggle against the net.
The gnoll hits you but does no damage. x2
The ball python bites you but does no damage.
The ball python constricts you.
You struggle against the net.
The gnoll hits you but does no damage. The gnoll hits you with a +0 whip.
The gnoll hits you from afar with a +4 halberd!
The ball python bites you. The ball python constricts you.
You rip the net and break free!
The ball python bites you but does no damage.
The ball python constricts you. The gnoll hits you but does no damage.
You block the gnoll's attack. x2
The ball python bites you but does no damage.
The ball python constricts you.
You escape the ball python's grasp.
You feel very mighty all of a sudden.
The gnoll throws a throwing net.
The throwing net barely misses you.
You hit the ball python.
You kill the ball python!
You slash the gnoll! The gnoll hits you but does no damage.
You block the gnoll's attack. x2
The gnoll hits you from afar with a +0 spear.
The gnoll barely misses you. The gnoll barely misses you.
You block the gnoll's attack. The gnoll hits you with a +4 halberd!
* * * LOW HITPOINT WARNING * * *
You see here a ball python corpse.
You barely miss the gnoll. You closely miss the gnoll.
You barely miss the gnoll. The gnoll hits you but does no damage.
The gnoll closely misses you. x2
You slash the gnoll!
The gnoll is severely wounded.
You slash the gnoll! You barely miss the gnoll. The gnoll closely misses you.
The gnoll hits you with a +0 whip.
* * * LOW HITPOINT WARNING * * *
You block the gnoll's attack. x2; The gnoll barely misses you.
The gnoll hits you with a +4 halberd!
You die...

..######.###.#
.............#
.#####.####.#
#..# #.# ##.##
#.# #..# #.#
.#### #.## ###
......##g#
.....gg@(#
......g###
..####. .. ..#
>.. ####


You could see 4 gnolls.

Vanquished Creatures
  An adder (D:3)
  A bat (D:1)
  2 endoplasms
  A giant cockroach (D:3)
  A quokka (D:1)
  4 ball pythons
  2 frilled lizards
  A kobold (D:2)
  2 rats
15 creatures vanquished.

Notes
Turn   | Place    | Note
-------+----------+-------------------------------------------
     0 | D:1      | retardedninja the Hill Orc Fighter began the quest for the
                  | Orb.
     0 | D:1      | Reached XP level 1. HP: 19/19 MP: 1/1
   323 | D:1      | Found Ejyratup's Armour Shoppe.
   698 | D:1      | Found a faded altar of an unknown god.
   742 | D:1      | Reached XP level 2. HP: 19/27 MP: 2/2
  2095 | D:3      | Reached skill level 4 in Fighting
  2178 | D:3      | Reached XP level 3. HP: 29/33 MP: 3/3
  2232 | D:3      | HP: 1/33 [gnoll/+0 whip (5)]
  2232 | D:3      | Mangled by a gnoll

Illustrated notes

Levels and vault maps discovered:
D:1:      amcnicky_arrival_blooded_trapdoor, layout_loops_ring, serial_shops,
          shop_statue, shapermc_ecumenical_altar_acropolis,
          serial_co_window_serial, co_window_paths_a, co_window_paths_a,
          co_window_paths_a, co_window_of_opportunity_a, co_window_paths_b,
          co_window_of_opportunity_b, co_window_paths_c, co_window_broadway_c,
          co_window_cross_3, co_window_corner_cb, co_window_4corner_a,
          glass_columns_a, glass_columns_b
D:2:      layout_basic, minivault_23
D:3:      layout_basic, grunt_ministairs_9, minivault_14

Skill      XL: |  1  2 |
---------------+-------+-----
Fighting       | 4 |  4.0
Axes           | 3 |  3.1
Armour         | |  3.8
Dodging        | |  0.1
Shields        | |  3.4

Action                   || total
-------------------------++-------
Melee: War axe           ||    37
  Use: Potion            ||     1
Armor: Scale mail        ||    29
Dodge: Dodged            ||    20
Block: Kite shield       ||    20
       Buckler           ||     1
